 Dungeon Crawl Stone Soup version 0.26-a0-757-g626ac9e51a (console) character file.

Game seed: 5850809703331659909

1080 jejorda2 the Cutter (level 8, 0/63 HPs)
             Began as a Red Draconian Venom Mage on Nov 7, 2020.
             Was a Follower of Ashenzari.
             Slain by a killer bee (6 damage)
             ... on level 6 of the Dungeon.
             The game lasted 00:25:55 (7976 turns).

jejorda2 the Cutter (Red Draconian Venom Mage)      Turns: 7976, Time: 00:25:56

Health: 0/63       AC:  6    Str: 10    XL:     8   Next: 8%
Magic:  6/12       EV: 12    Int: 18    God:    Ashenzari [*.....]
Gold:   282        SH:  0    Dex: 12    Spells: 5/13 levels left

rFire    + . .     SeeInvis .   a - +2 dagger (elec) (curse)
rCold    + + .     Faith    .   (no shield)
rNeg     . . .     Spirit   .   (armour unavailable)
rPois    .         Reflect  .   (helmet restricted)
rElec    .         Harm     .   (no cloak)
rCorr    .         Rampage  .   (no gloves)
MR       .....                  (no boots)
Stlth    ++........             (no amulet)
HPRegen  0.20/turn              n - ring of protection from cold
MPRegen  0.13/turn              q - ring of protection from cold

@: lethally poisoned (0 -> -12), very slightly contaminated
A: breathe fire, unfitting armour, fire resistance 1, cold-blooded, AC +6
a: Breathe Fire, Curse Item, Scrying, Renounce Religion


You were on level 6 of the Dungeon.
You worshipped Ashenzari.
Ashenzari was aware of your devotion.
You visited 2 branches of the dungeon, and saw 7 of its levels.

You collected 282 gold pieces.

Inventory:

Hand Weapons
 a - a cursed +2 dagger of electrocution (weapon)
 e - a +1 vorpal mace
 f - a +0 dagger
Missiles
 d - 130 stones (quivered)
 i - 6 boomerangs
 p - 26 poisoned darts
Armour
 s - a +1 kite shield
Jewellery
 n - a ring of protection from cold (left hand)
 q - a ring of protection from cold (right hand)
Scrolls
 o - a scroll of teleportation
 r - a scroll of fear
 u - a scroll of amnesia
 v - a scroll of magic mapping
Potions
 b - a potion of heal wounds
 c - 2 potions of cancellation
 g - a potion of mutation {unknown}
 h - 2 potions of lignification
 j - 2 potions of haste
 k - a potion of berserk rage {unknown}
 l - a potion of flight {unknown}
 m - a potion of curing
 t - a potion of might {unknown}


   Skills:
 - Level 3.2 Fighting
 * Level 5.4 Short Blades
 - Level 1.7 Dodging
 - Level 1.7 Stealth
 + Level 0.0 Shields
 - Level 3.0 Spellcasting
 - Level 3.0 Conjurations
 + Level 0.0 Translocations
 - Level 2.0 Transmutations
 - Level 3.0 Air Magic
 - Level 5.0 Poison Magic


You had 5 spell levels left.
You knew the following spells:

 Your Spells              Type           Power        Failure   Level
a - Sting                 Tmut/Pois      ###.         3%          1
b - Poisonous Vapours     Pois/Air       ###...       4%          2
c - Mephitic Cloud        Conj/Pois/Air  ###.....     11%         3
k - Blink                 Tloc           N/A          24%         2

Your spell library contained the following spells:

 Spells                   Type           Power        Failure   Level
 Magic Dart               Conj           ##..         4%          1
 Ignite Poison            Fire/Tmut/Pois ##......     19%         3
 Olgreb's Toxic Radiance  Pois           ###.....     21%         4
 Call Imp                 Summ           #.......     24%         2
 Slow                     Hex            #.......     24%         2
 Conjure Flame            Conj/Fire      #.......     26%         3


Dungeon Overview and Level Annotations

Branches:
Dungeon (6/15)             Temple (1/1) D:4

Altars:
Ashenzari
Cheibriados
Dithmenos
Fedhas
Kikubaaqudgha
Makhleb
Nemelex Xobeh
Qazlal
Ru
Sif Muna
Trog
Uskayaw
Vehumet
Wu Jian
Xom
Zin
Lugonu

Shops:
D:5 (

Annotations:
D:5 2 transporters


Innate Abilities, Weirdness & Mutations

You can breathe blasts of fire.
Your fiery red scales are hard. (AC +6)
You cannot fit into any form of body armour.
Your flesh is heat resistant. (rF+)
You are cold-blooded and may be slowed by cold attacks.


Message History

* * * LOW HITPOINT WARNING * * *
You feel sick.
The killer bee is engulfed in noxious fumes.
The killer bee appears confused.
The killer bee misses the killer bee.
You feel sick.
Something closely misses the killer bee.
Casting: Mephitic Cloud (dangerous; 11% risk of failure)
Confirm with . or Enter, or press ? or * to list all spells.
Aiming: Mephitic Cloud (dangerous; 11% risk of failure)
Press: ? - help, Shift-Dir - straight line, f - killer bee
Aim: a killer bee That beam is likely to hit you.
Continue anyway?
You miscast Mephitic Cloud.
You are very lightly contaminated with residual magic.
Nothing appears to happen.
* * * LOW HITPOINT WARNING * * *
You feel sick. The killer bee stings you!
* * * LOW HITPOINT WARNING * * *
The killer bee stings you.
You die...

........######
........#
........#
....###.# ####
#.# #y######.
#yy......
#y#.####.
#@#..# #.# ...
#.# .#.# ..#
##.# ..# #.
#..# #..# ....


You could see 4 killer bees.

Vanquished Creatures
  Grinder (D:3)
  2 lemures (D:5)
  A howler monkey (D:6)
  A centaur zombie (D:5)
  A hound (D:3)
  A jelly (D:6)
  6 orc priests
  6 orc wizards
  2 iguanas
  Terence (D:2)
  2 worker ants
  8 adders
  5 river rats (D:3)
  2 oozes (D:2)
  An adder skeleton (D:5)
  3 worms
  4 dart slugs
  36 orcs
  A ball python (D:1)
  6 giant cockroaches
  8 goblins
  8 hobgoblins
  2 jackals (D:2)
  4 kobolds
  3 quokkas
  7 bats
  2 frilled lizards (D:2)
  2 quokka skeletons (D:4)
  A quokka zombie (D:6)
  6 rats
133 creatures vanquished.

Notes
Turn   | Place    | Note
-------+----------+-------------------------------------------
     0 | D:1      | jejorda2 the Draconian Venom Mage began the quest for the
                  | Orb.
     0 | D:1      | Reached XP level 1. HP: 14/14 MP: 3/3
   170 | D:1      | Reached XP level 2. HP: 22/22 MP: 1/5
   176 | D:1      | Learned a level 2 spell: Poisonous Vapours
   413 | D:1      | Reached skill level 1 in Fighting
  1508 | D:2      | Noticed Terence
  1515 | D:2      | Killed Terence
  1515 | D:2      | Reached XP level 3. HP: 3/29 MP: 0/6
  1520 | D:2      | Learned a level 3 spell: Mephitic Cloud
  1850 | D:2      | Reached XP level 4. HP: 36/36 MP: 4/7
  2267 | D:2      | Reached skill level 1 in Air Magic
  3075 | D:3      | Reached XP level 5. HP: 18/44 MP: 3/9
  3456 | D:3      | Reached skill level 1 in Short Blades
  4044 | D:3      | Noticed Grinder
  4090 | D:3      | Killed Grinder
  4090 | D:3      | Reached XP level 6. HP: 18/51 MP: 4/10
  4658 | D:4      | Your scales start taking on a fiery red colour.
  4658 | D:4      | Reached XP level 7. HP: 57/57 MP: 11/11
  4658 | D:4      | Gained mutation: Your flesh is heat resistant. (rF+) [Red
                  | Draconian growth]
  4967 | D:3      | Reached skill level 1 in Conjurations
  5475 | D:3      | Reached skill level 5 in Poison Magic
  5741 | D:4      | Found a staircase to the Ecumenical Temple.
  5749 | Temple   | Entered the Ecumenical Temple
  5801 | Temple   | Became a worshipper of Ashenzari the Shackled
  6082 | D:4      | Found a hide-covered altar of Uskayaw.
  6127 | D:4      | Found a blossoming altar of Fedhas.
  6553 | D:5      | Entered Level 5 of the Dungeon
  6559 | D:5      | Found a shadowy altar of Dithmenos.
  6674 | D:5      | Found a transporter.
  6678 | D:5      | Found a snail-covered altar of Cheibriados.
  6678 | D:5      | Found a transporter.
  6681 | D:5      | Noticed an efreet
  7408 | D:5      | Reached skill level 5 in Short Blades
  7502 | D:5      | Found a stormy altar of Qazlal.
  7503 | D:5      | Found a shimmering blue altar of Sif Muna.
  7504 | D:5      | Found a shimmering altar of Xom.
  7527 | D:5      | Found Diexeej's Weapon Emporium.
  7751 | D:5      | Reached XP level 8. HP: 60/63 MP: 7/12
  7936 | D:6      | Reached * piety under Ashenzari
  7959 | D:6      | Learned a level 2 spell: Blink
  7976 | D:6      | Slain by a killer bee

Illustrated notes

Levels and vault maps discovered:
D:1:      noname_arrival_rooms_in_the_neighbourhood, layout_loops_ring
D:2:      layout_basic, uniq_terence
D:3:      layout_basic, portal_sewer_entry_e, uniq_grinder
D:4:      layout_loops_cross, nicolae_overflow_hidden_temple,
          minmay_temple_entry_ruins, fedhas_altar_fruit_tree
D:5:      layout_cave_pods, old_standard_altar, gammafunk_temple_overflow_arena,
          chequers_temple_overflow_statue_of_worship, serial_shops, shop,
          kennysheep_nondescript, uniq_pikel
D:6:      layout_loops_ring, serial_shops, shop, hangedman_abyss_or_decor_slice
Temple:   corrupted_temple

Skill      XL: |  1  2  3  4  5  6  7  8 |
---------------+-------------------------+-----
Fighting       | 1 2 3 |  3.2
Transmutations | 2 |  2.0
Air Magic      | 1 2 3 |  3.0
Short Blades   | 2 3 5 |  5.4
Spellcasting   | 3 |  3.0
Poison Magic   | 4 5 |  5.0
Conjurations   | 2 3 |  3.0
Dodging        | |  1.7
Stealth        | |  1.7

Action                   |  1- 3 |  4- 6 |  7- 9 || total
-------------------------+-------+-------+-------++-------
Melee: Club              |     5 |       |       ||     5
       Tailslap          |     4 |     8 |    13 ||    25
       Mace              |    15 |    36 |       ||    51
       Dagger            |       |    86 |   163 ||   249
Throw: Stone             |     3 |     7 |       ||    10
 Cast: Sting             |    37 |    39 |    26 ||   102
       Poisonous Vapours |     2 |     9 |     3 ||    14
       Mephitic Cloud    |       |     2 |     4 ||     6
Invok: Curse Item        |       |       |     1 ||     1
  Use: Scroll            |       |     8 |     7 ||    15
       Potion            |       |     2 |       ||     2
 Stab: Confused          |       |     1 |     1 ||     2
       Sleeping          |       |     1 |     2 ||     3
Armor: Skin              |     4 |    33 |    40 ||    77
Dodge: Dodged            |    15 |    71 |    79 ||   165

Table legend: (Time is in decaauts)
 A = Elapsed time spent in this place.
 B = Non-inter-level travel time spent in this place.
 C = Inter-level travel time spent in this place.
 D = Time resting spent in this place.
 E = Time spent auto-exploring this place.
 F = Levels seen in this place.
 G = Mean time per level.
                   A        B        C        D        E       F      G
               +--------+--------+--------+--------+--------+-----+--------+
         Total |   7977 |   7656 |    321 |    535 |   5758 |   7 | 1139.6 |
       Dungeon |   7897 |   7592 |    305 |    535 |   5704 |   6 | 1316.2 |
        Temple |     80 |     64 |     16 |      0 |     54 |   1 |   80.0 |
               +--------+--------+--------+--------+--------+-----+--------+

Top non-repeatable levels by time:
     D:3: 2521 daAuts
     D:2: 1827 daAuts
     D:1: 1311 daAuts
     D:5: 1190 daAuts
     D:4: 830 daAuts
     D:6: 215 daAuts
  Temple: 80 daAuts
